Connexion

Senators vs Penguins

Created - 17 janvier 2024 at 05:50

Goals
1 2 3 T
Senators 2 2 1 5
Penguins 0 1 2 3
Shots
1 2 3 T
Senators 15 18 15 48
Penguins 9 6 8 23

GoalsPenalties
1st period
1. Senators , Wade Allison 11 (Joey Keane 19, Leevi Merilainen) at 2:59
2. Senators , Ben Jones 12 (Ian Mitchell 24, Aleksi Heponiemi 16) at 19:34
Jason Dickinson (WBS) for Tripping (Minor) at 8:48
Dylan McIlrath (WBS) for Roughing (Minor) at 13:23
2nd period
3. Senators , Antoine Roussel 5 (Aliaksei Protas 35, Akil Thomas 19) at 13:16
4. Senators , Wade Allison 12 (Ben Jones 11, Leevi Merilainen) at 14:46 (PP)
5. Penguins , Steven Fogarty 21 (Keaton Middleton 11, Jason Dickinson 23) at 16:34
Dylan McIlrath (WBS) for Interference (Minor) at 6:32
Kevin Bahl (WBS) for Elbowing (Minor) at 13:39
Dylan McIlrath (WBS) for Tripping (Minor) at 18:43
3rd period
6. Penguins , Steven Santini 4 (Rhett Gardner 17, Karson Kuhlman 35) at 2:02
7. Senators , Ben Jones 13 (Wade Allison 24, Joey Keane 20) at 2:57 (PP)
8. Penguins , Karson Kuhlman 21 (Rhett Gardner 18, Keaton Middleton 12) at 19:37 (PP)
Liam O'Brien (WBS) for Cross-checking (Minor) at 2:21
Liam O'Brien (WBS) for Holding (Minor) at 6:28
Joey Keane (BEL) for High sticking (Minor) at 18:07
Goalie Stats
Leevi Merilainen (BEL), 20 saves from 23 shots - (0,870), W, 23-17-3, 60:00 minutes
Marek Langhamer (WBS), 43 saves from 48 shots - (0,896), L, 22-26-5, 60:00 minutes
3 StarsOfficial
1 - Ben Jones (BEL)
2 - Wade Allison (BEL)
3 - Karson Kuhlman (WBS)
Referees : Greg Kimmerly and Brad Meier
Linesman : Brian Mach and Tim Nowak
Game Note
Dylan McIlrath is injured at 13:05 of 3rd period (Back Spasms)
Finance
Level 1 -- Attendance: 1490 (74,50%) -- Ticket Income $59,600
Level 2 -- Attendance: 867 (86,70%) -- Ticket Income $17,340
Total Attendance: 2357 (78,57%)
Total Ticket Income: $76,940
Other Income: $15,388
Total Income: $92,328



Team Name Goals Shots Shots Attemp Shots Blocked PIM HIT PP PK FO%
Senators 54885142232 / 7 (29%)148%
Penguins 323691514251 / 1 (100%)252%

Senators
Player Name POS G A P +/- PIM HIT SHT SB MP PP MP PP SHT PK MP PK SHT FO% FOT
Adam BeckmanC/LW0000010113:430:0000:00047% 17
Akil ThomasC/RW0110015122:215:3620:1100% 1
Aleksi HeponiemiC/LW/RW0111002020:496:0210:420100% 1
Aliaksei ProtasC0110032025:175:3610:37049% 35
Antoine RousselLW/RW1010016022:475:3630:3700% 2
Ben JonesC2131035020:186:0220:11051% 39
Ian MitchellD0111034125:115:2830:3100% 0
Jack RathboneD0000043122:086:1030:5300% 0
Jamieson ReesC000000003:120:0000:420100% 1
Joey KeaneD0220204321:146:1020:0000% 0
Layton AhacD0000012313:230:0000:4800% 0
Linus WeissbachLW000000102:300:0000:0000% 0
Martin ChromiakLW/RW0000003013:430:0000:0000% 1
Ryan MerkleyD0000011012:520:0000:1700% 0
Theodor NiederbachC/RW0000000113:430:0000:0000% 1
Tyler MaddenC000000000:000:0000:0000% 0
Wade AllisonRW2131038020:076:0240:0000% 0
Zac JonesD0001022325:115:2820:3100% 0
Penguins
Player Name POS G A P +/- PIM HIT SHT SB MP PP MP PP SHT PK MP PK SHT FO% FOT
Adam ClendeningD0000000122:470:3405:0300% 0
Alan QuineC/LW/RW000-100007:170:0001:3400% 0
Andreas EnglundD0001010424:050:5606:3500% 0
Brian HartLW/RW000-100005:430:0000:0000% 0
Dylan GambrellC/RW000-100105:430:0000:00020% 10
Dylan McIlrathD000-2660112:300:0000:0000% 0
Gerald MayhewC/RW0000006123:210:5607:28157% 35
Jason DickinsonC/LW0110232122:230:5606:31033% 3
Joseph BlandisiC/LW0000031019:030:3403:46050% 20
Karson KuhlmanC/RW1120013015:170:3410:0000% 1
Keaton MiddletonD0220040222:060:3405:0300% 0
Kevin BahlD000-2210114:100:0000:0000% 0
Liam O'BrienC/LW0000421012:250:0000:58072% 18
Marian StudenicRW0000000011:290:0000:0000% 0
Mikhail MaltsevLW0000005011:290:0000:0000% 0
Rhett GardnerC/LW0220012115:170:3400:00050% 2
Steven FogartyC/RW1010031018:520:5602:59044% 9
Steven SantiniD1011001324:180:5606:3500% 0



Play-by-Play

1st period


0:01 of 1st period - Aliaksei Protas wins face-off versus Steven Fogarty in neutral zone.
0:20 of 1st period - Shot by Antoine Roussel.
0:20 of 1st period - Deflect By Akil Thomas.
0:20 of 1st period - Shot Misses the Net.
0:22 of 1st period - Shot by Ian Mitchell.
0:22 of 1st period - Stopped by Marek Langhamer without a rebound.
0:23 of 1st period - Joseph Blandisi wins face-off versus Ben Jones in Penguins zone.
0:46 of 1st period - Shot by Rhett Gardner.
0:46 of 1st period - Deflect By Karson Kuhlman.
0:46 of 1st period - Stopped by Leevi Merilainen without a rebound.
0:47 of 1st period - Liam O'Brien wins face-off versus Adam Beckman in Senators zone.
0:50 of 1st period - Shot by Mikhail Maltsev.
0:50 of 1st period - Stopped by Leevi Merilainen without a rebound.
0:51 of 1st period - Liam O'Brien wins face-off versus Adam Beckman in Senators zone.
1:03 of 1st period - Theodor Niederbach is hit by Dylan McIlrath and loses puck.
1:14 of 1st period - Shot by Marian Studenic.
1:14 of 1st period - Shot Blocked by Layton Ahac.
1:16 of 1st period - Shot by Kevin Bahl.
1:16 of 1st period - Shot Misses the Net.
1:18 of 1st period - Shot by Mikhail Maltsev.
1:18 of 1st period - Stopped by Leevi Merilainen with a rebound.
1:20 of 1st period - Shot by Mikhail Maltsev.
1:20 of 1st period - Stopped by Leevi Merilainen without a rebound.
1:21 of 1st period - Gerald Mayhew wins face-off versus Aliaksei Protas in Senators zone.
1:21 of 1st period - Gerald Mayhew is hit by Ian Mitchell.
1:49 of 1st period - Shot by Steven Fogarty.
1:49 of 1st period - Shot Misses the Net.
2:13 of 1st period - Shot by Joseph Blandisi.
2:13 of 1st period - Shot Misses the Net.
2:15 of 1st period - Shot by Rhett Gardner.
2:15 of 1st period - Shot Blocked by Zac Jones.
2:17 of 1st period - Shot by Joseph Blandisi.
2:17 of 1st period - Deflect By Rhett Gardner.
2:17 of 1st period - Shot Blocked by Ian Mitchell.
2:59 of 1st period - Shot by Wade Allison.
2:59 of 1st period - Goal by Wade Allison - Senators : 1 - Penguins : 0.
3:00 of 1st period - Liam O'Brien wins face-off versus Adam Beckman in neutral zone.
3:24 of 1st period - Marian Studenic is hit by Ryan Merkley and loses puck.
3:31 of 1st period - Shot by Liam O'Brien.
3:31 of 1st period - Shot Misses the Net.
3:33 of 1st period - Shot by Dylan McIlrath.
3:33 of 1st period - Shot Misses the Net.
3:35 of 1st period - Shot by Marian Studenic.
3:35 of 1st period - Shot Blocked by Theodor Niederbach.
3:37 of 1st period - Shot by Liam O'Brien.
3:37 of 1st period - Shot Blocked by Layton Ahac.
3:48 of 1st period - Martin Chromiak is hit by Jason Dickinson and loses puck.
4:05 of 1st period - Shot by Gerald Mayhew.
4:05 of 1st period - Stopped by Leevi Merilainen without a rebound.
4:06 of 1st period - Ben Jones wins face-off versus Dylan Gambrell in Senators zone.
4:11 of 1st period - Shot by Joey Keane.
4:11 of 1st period - Stopped by Marek Langhamer without a rebound.
4:12 of 1st period - Ben Jones wins face-off versus Dylan Gambrell in Penguins zone.
4:13 of 1st period - Shot by Aleksi Heponiemi.
4:13 of 1st period - Shot Misses the Net.
4:17 of 1st period - Shot by Aleksi Heponiemi.
4:17 of 1st period - Shot Misses the Net.
5:01 of 1st period - Icing by Alan Quine.
5:02 of 1st period - Dylan Gambrell wins face-off versus Aliaksei Protas in Penguins zone.
5:21 of 1st period - Shot by Zac Jones.
5:21 of 1st period - Shot Misses the Net.
5:35 of 1st period - Shot by Antoine Roussel.
5:35 of 1st period - Deflect By Akil Thomas.
5:35 of 1st period - Shot Misses the Net.
5:43 of 1st period - Shot by Antoine Roussel.
5:43 of 1st period - Shot Blocked by Jason Dickinson.
6:20 of 1st period - Adam Beckman is hit by Dylan McIlrath and loses puck.
6:24 of 1st period - Icing by Karson Kuhlman.
6:25 of 1st period - Joseph Blandisi wins face-off versus Ben Jones in Penguins zone.
7:29 of 1st period - Mikhail Maltsev is hit by Aliaksei Protas and loses puck.
8:16 of 1st period - Shot by Layton Ahac.
8:16 of 1st period - Stopped by Marek Langhamer without a rebound.
8:17 of 1st period - Gerald Mayhew wins face-off versus Ben Jones in Penguins zone.
8:48 of 1st period - Minor Penalty to Jason Dickinson for Tripping.
8:49 of 1st period - Gerald Mayhew wins face-off versus Aliaksei Protas in Penguins zone.
9:10 of 1st period - Shot by Alan Quine.
9:10 of 1st period - Shot Misses the Net.
9:12 of 1st period - Shot by Gerald Mayhew.
9:12 of 1st period - Stopped by Leevi Merilainen without a rebound.
9:13 of 1st period - Ben Jones wins face-off versus Liam O'Brien in Senators zone.
9:13 of 1st period - Ben Jones is hit by Liam O'Brien.
9:19 of 1st period - Shot by Joey Keane.
9:19 of 1st period - Stopped by Marek Langhamer with a rebound.
10:20 of 1st period - Shot by Aliaksei Protas.
10:20 of 1st period - Shot Misses the Net.
10:22 of 1st period - Shot by Antoine Roussel.
10:22 of 1st period - Shot Misses the Net.
10:24 of 1st period - Shot by Zac Jones.
10:24 of 1st period - Shot Misses the Net.
10:26 of 1st period - Shot by Antoine Roussel.
10:26 of 1st period - Shot Blocked by Keaton Middleton.
10:28 of 1st period - Shot by Akil Thomas.
10:28 of 1st period - Stopped by Marek Langhamer without a rebound.
10:29 of 1st period - Aliaksei Protas wins face-off versus Steven Fogarty in Penguins zone.
10:58 of 1st period - Shot by Marian Studenic.
10:58 of 1st period - Shot Misses the Net.
11:12 of 1st period - Shot by Liam O'Brien.
11:12 of 1st period - Shot Misses the Net.
11:14 of 1st period - Shot by Liam O'Brien.
11:14 of 1st period - Shot Misses the Net.
11:16 of 1st period - Shot by Mikhail Maltsev.
11:16 of 1st period - Stopped by Leevi Merilainen without a rebound.
11:17 of 1st period - Ben Jones wins face-off versus Dylan Gambrell in Senators zone.
11:28 of 1st period - Shot by Alan Quine.
11:28 of 1st period - Shot Hit the Post.
11:31 of 1st period - Icing by Aleksi Heponiemi.
11:32 of 1st period - Aleksi Heponiemi wins face-off versus Joseph Blandisi in Senators zone.
11:34 of 1st period - Icing by Ben Jones.
11:35 of 1st period - Joseph Blandisi wins face-off versus Ben Jones in Senators zone.
11:38 of 1st period - Shot by Rhett Gardner.
11:38 of 1st period - Shot Misses the Net.
11:40 of 1st period - Shot by Joseph Blandisi.
11:40 of 1st period - Stopped by Leevi Merilainen without a rebound.
11:41 of 1st period - Gerald Mayhew wins face-off versus Aliaksei Protas in Senators zone.
11:45 of 1st period - Jason Dickinson is hit by Zac Jones and loses puck.
11:56 of 1st period - Shot by Gerald Mayhew.
11:56 of 1st period - Shot Misses the Net.
12:17 of 1st period - Steven Santini is hit by Aliaksei Protas.
12:56 of 1st period - Shot by Aleksi Heponiemi.
12:56 of 1st period - Stopped by Marek Langhamer without a rebound.
12:57 of 1st period - Adam Beckman wins face-off versus Liam O'Brien in Penguins zone.
13:17 of 1st period - Layton Ahac is hit by Dylan McIlrath and loses puck.
13:23 of 1st period - Minor Penalty to Dylan McIlrath for Roughing.
13:24 of 1st period - Gerald Mayhew wins face-off versus Ben Jones in Penguins zone.
13:35 of 1st period - Shot by Joey Keane.
13:35 of 1st period - Shot Misses the Net.
13:37 of 1st period - Shot by Jack Rathbone.
13:37 of 1st period - Stopped by Marek Langhamer without a rebound.
13:38 of 1st period - Steven Fogarty wins face-off versus Ben Jones in Penguins zone.
14:11 of 1st period - Shot by Ben Jones.
14:11 of 1st period - Shot Misses the Net.
14:54 of 1st period - Icing by Antoine Roussel.
14:55 of 1st period - Aliaksei Protas wins face-off versus Gerald Mayhew in Senators zone.
15:02 of 1st period - Shot by Jack Rathbone.
15:02 of 1st period - Stopped by Marek Langhamer without a rebound.
15:03 of 1st period - Ben Jones wins face-off versus Steven Fogarty in Penguins zone.
15:07 of 1st period - Wade Allison is hit by Andreas Englund.
16:47 of 1st period - Alan Quine is hit by Aliaksei Protas and loses puck.
16:55 of 1st period - Aliaksei Protas is hit by Keaton Middleton and loses puck.
16:58 of 1st period - Shot by Akil Thomas.
16:58 of 1st period - Stopped by Marek Langhamer without a rebound.
16:59 of 1st period - Gerald Mayhew wins face-off versus Ben Jones in Penguins zone.
16:59 of 1st period - Steven Santini is hit by Wade Allison.
17:02 of 1st period - Andreas Englund is hit by Ben Jones.
17:03 of 1st period - Icing by Andreas Englund.
17:04 of 1st period - Ben Jones wins face-off versus Gerald Mayhew in Penguins zone.
17:15 of 1st period - Shot by Aleksi Heponiemi.
17:15 of 1st period - Deflect By Wade Allison.
17:15 of 1st period - Stopped by Marek Langhamer with a rebound.
17:52 of 1st period - Icing by Zac Jones.
17:53 of 1st period - Ben Jones wins face-off versus Joseph Blandisi in Senators zone.
17:53 of 1st period - Ben Jones is hit by Joseph Blandisi.
17:58 of 1st period - Off-side.
17:59 of 1st period - Aliaksei Protas wins face-off versus Joseph Blandisi in neutral zone.
18:01 of 1st period - Antoine Roussel is hit by Joseph Blandisi and loses puck.
18:11 of 1st period - Icing by Joseph Blandisi.
18:12 of 1st period - Adam Beckman wins face-off versus Joseph Blandisi in Penguins zone.
18:25 of 1st period - Shot by Layton Ahac.
18:25 of 1st period - Stopped by Marek Langhamer with a rebound.
18:31 of 1st period - Shot by Adam Beckman.
18:31 of 1st period - Shot Blocked by Keaton Middleton.
18:35 of 1st period - Shot by Martin Chromiak.
18:35 of 1st period - Stopped by Marek Langhamer without a rebound.
18:36 of 1st period - Aliaksei Protas wins face-off versus Gerald Mayhew in Penguins zone.
18:48 of 1st period - Gerald Mayhew is hit by Jack Rathbone and loses puck.
19:11 of 1st period - Shot by Gerald Mayhew.
19:11 of 1st period - Shot Blocked by Joey Keane.
19:13 of 1st period - Shot by Jason Dickinson.
19:13 of 1st period - Stopped by Leevi Merilainen without a rebound.
19:14 of 1st period - Ben Jones wins face-off versus Karson Kuhlman in Senators zone.
19:18 of 1st period - Off-side.
19:19 of 1st period - Ben Jones wins face-off versus Joseph Blandisi in neutral zone.
19:34 of 1st period - Shot by Ben Jones.
19:34 of 1st period - Goal by Ben Jones - Senators : 2 - Penguins : 0.
19:35 of 1st period - Jamieson Rees wins face-off versus Liam O'Brien in neutral zone.
19:50 of 1st period - Shot by Linus Weissbach.
19:50 of 1st period - Stopped by Marek Langhamer with a rebound.
Goals for this period are 2 for Senators vs 0 for Penguins.
Shots for this period are 15 for Senators vs 9 for Penguins.

2nd period


0:01 of 2nd period - Aliaksei Protas wins face-off versus Jason Dickinson in neutral zone.
0:36 of 2nd period - Shot by Akil Thomas.
0:36 of 2nd period - Shot Blocked by Gerald Mayhew.
0:51 of 2nd period - Icing by Ian Mitchell.
0:52 of 2nd period - Aliaksei Protas wins face-off versus Joseph Blandisi in Senators zone.
1:30 of 2nd period - Karson Kuhlman is hit by Antoine Roussel.
1:48 of 2nd period - Shot by Marian Studenic.
1:48 of 2nd period - Shot Blocked by Joey Keane.
2:00 of 2nd period - Shot by Liam O'Brien.
2:00 of 2nd period - Stopped by Leevi Merilainen without a rebound.
2:01 of 2nd period - Dylan Gambrell wins face-off versus Adam Beckman in Senators zone.
2:05 of 2nd period - Icing by Ryan Merkley.
2:06 of 2nd period - Adam Beckman wins face-off versus Gerald Mayhew in Senators zone.
2:24 of 2nd period - Shot by Gerald Mayhew.
2:24 of 2nd period - Stopped by Leevi Merilainen without a rebound.
2:25 of 2nd period - Liam O'Brien wins face-off versus Ben Jones in Senators zone.
2:53 of 2nd period - Shot by Wade Allison.
2:53 of 2nd period - Shot Misses the Net.
2:55 of 2nd period - Shot by Wade Allison.
2:55 of 2nd period - Stopped by Marek Langhamer without a rebound.
2:56 of 2nd period - Steven Fogarty wins face-off versus Adam Beckman in Penguins zone.
3:03 of 2nd period - Shot by Gerald Mayhew.
3:03 of 2nd period - Shot Blocked by Adam Beckman.
3:05 of 2nd period - Shot by Jason Dickinson.
3:05 of 2nd period - Shot Misses the Net.
3:07 of 2nd period - Shot by Jason Dickinson.
3:07 of 2nd period - Shot Misses the Net.
3:18 of 2nd period - Shot by Gerald Mayhew.
3:18 of 2nd period - Stopped by Leevi Merilainen without a rebound.
3:19 of 2nd period - Joseph Blandisi wins face-off versus Aliaksei Protas in Senators zone.
3:25 of 2nd period - Icing by Zac Jones.
3:26 of 2nd period - Joseph Blandisi wins face-off versus Aliaksei Protas in Senators zone.
3:38 of 2nd period - Akil Thomas is hit by Keaton Middleton and loses puck.
3:43 of 2nd period - Shot by Aliaksei Protas.
3:43 of 2nd period - Shot Misses the Net.
3:45 of 2nd period - Shot by Antoine Roussel.
3:45 of 2nd period - Shot Misses the Net.
4:13 of 2nd period - Icing by Rhett Gardner.
4:14 of 2nd period - Joseph Blandisi wins face-off versus Ben Jones in Penguins zone.
4:14 of 2nd period - Joseph Blandisi is hit by Wade Allison.
4:44 of 2nd period - Shot by Wade Allison.
4:44 of 2nd period - Shot Misses the Net.
6:14 of 2nd period - Akil Thomas is hit by Dylan McIlrath and loses puck.
6:24 of 2nd period - Aliaksei Protas is hit by Kevin Bahl and loses puck.
6:32 of 2nd period - Minor Penalty to Dylan McIlrath for Interference.
6:33 of 2nd period - Ben Jones wins face-off versus Jason Dickinson in Penguins zone.
6:34 of 2nd period - Shot by Aleksi Heponiemi.
6:34 of 2nd period - Shot Misses the Net.
6:36 of 2nd period - Shot by Aleksi Heponiemi.
6:36 of 2nd period - Stopped by Marek Langhamer without a rebound.
6:37 of 2nd period - Ben Jones wins face-off versus Gerald Mayhew in Penguins zone.
7:16 of 2nd period - Off-side.
7:17 of 2nd period - Aliaksei Protas wins face-off versus Steven Fogarty in neutral zone.
7:24 of 2nd period - Shot by Ian Mitchell.
7:24 of 2nd period - Stopped by Marek Langhamer with a rebound.
7:26 of 2nd period - Shot by Aliaksei Protas.
7:26 of 2nd period - Shot Misses the Net.
7:30 of 2nd period - Shot by Zac Jones.
7:30 of 2nd period - Stopped by Marek Langhamer with a rebound.
7:52 of 2nd period - Shot by Antoine Roussel.
7:52 of 2nd period - Deflect By Aliaksei Protas.
7:52 of 2nd period - Stopped by Marek Langhamer without a rebound.
7:53 of 2nd period - Gerald Mayhew wins face-off versus Ben Jones in Penguins zone.
8:11 of 2nd period - Icing by Jack Rathbone.
8:12 of 2nd period - Gerald Mayhew wins face-off versus Ben Jones in Senators zone.
8:15 of 2nd period - Shot by Jason Dickinson.
8:15 of 2nd period - Shot Blocked by Joey Keane.
9:55 of 2nd period - Shot by Ryan Merkley.
9:55 of 2nd period - Shot Blocked by Rhett Gardner.
9:57 of 2nd period - Shot by Ryan Merkley.
9:57 of 2nd period - Stopped by Marek Langhamer without a rebound.
9:58 of 2nd period - Liam O'Brien wins face-off versus Ben Jones in Penguins zone.
10:24 of 2nd period - Shot by Joey Keane.
10:24 of 2nd period - Stopped by Marek Langhamer without a rebound.
10:25 of 2nd period - Adam Beckman wins face-off versus Gerald Mayhew in Penguins zone.
10:38 of 2nd period - Shot by Gerald Mayhew.
10:38 of 2nd period - Shot Misses the Net.
10:40 of 2nd period - Shot by Steven Fogarty.
10:40 of 2nd period - Shot Misses the Net.
10:50 of 2nd period - Shot by Ryan Merkley.
10:50 of 2nd period - Shot Misses the Net.
11:00 of 2nd period - Shot by Gerald Mayhew.
11:00 of 2nd period - Shot Hit the Post.
11:27 of 2nd period - Shot by Karson Kuhlman.
11:27 of 2nd period - Stopped by Leevi Merilainen without a rebound.
11:28 of 2nd period - Ben Jones wins face-off versus Liam O'Brien in Senators zone.
12:03 of 2nd period - Shot by Wade Allison.
12:03 of 2nd period - Deflect By Ben Jones.
12:03 of 2nd period - Stopped by Marek Langhamer with a rebound.
12:05 of 2nd period - Shot by Joey Keane.
12:05 of 2nd period - Shot Misses the Net.
12:27 of 2nd period - Aleksi Heponiemi is hit by Rhett Gardner and loses puck.
13:14 of 2nd period - Shot by Aliaksei Protas.
13:14 of 2nd period - Shot Misses the Net.
13:16 of 2nd period - Shot by Aliaksei Protas.
13:16 of 2nd period - Deflect By Antoine Roussel.
13:16 of 2nd period - Goal by Antoine Roussel - Senators : 3 - Penguins : 0.
13:17 of 2nd period - Adam Beckman wins face-off versus Dylan Gambrell in neutral zone.
13:20 of 2nd period - Alan Quine is hit by Adam Beckman and loses puck.
13:38 of 2nd period - Adam Beckman is hit by Dylan McIlrath and loses puck.
13:39 of 2nd period - Minor Penalty to Kevin Bahl for Elbowing.
13:40 of 2nd period - Gerald Mayhew wins face-off versus Aliaksei Protas in Penguins zone.
13:51 of 2nd period - Shot by Ian Mitchell.
13:51 of 2nd period - Stopped by Marek Langhamer without a rebound.
13:52 of 2nd period - Gerald Mayhew wins face-off versus Aliaksei Protas in Penguins zone.
14:01 of 2nd period - Shot by Ian Mitchell.
14:01 of 2nd period - Stopped by Marek Langhamer with a rebound.
14:44 of 2nd period - Shot by Wade Allison.
14:44 of 2nd period - Stopped by Marek Langhamer with a rebound.
14:46 of 2nd period - Shot by Wade Allison.
14:46 of 2nd period - Goal by Wade Allison - Senators : 4 - Penguins : 0.
14:47 of 2nd period - Liam O'Brien wins face-off versus Theodor Niederbach in neutral zone.
15:04 of 2nd period - Adam Beckman is hit by Liam O'Brien.
15:26 of 2nd period - Shot by Liam O'Brien.
15:26 of 2nd period - Shot Misses the Net.
15:28 of 2nd period - Shot by Mikhail Maltsev.
15:28 of 2nd period - Shot Misses the Net.
15:40 of 2nd period - Icing by Andreas Englund.
15:41 of 2nd period - Joseph Blandisi wins face-off versus Ben Jones in Penguins zone.
15:41 of 2nd period - Joseph Blandisi is hit by Ben Jones.
15:53 of 2nd period - Shot by Joseph Blandisi.
15:53 of 2nd period - Shot Misses the Net.
15:55 of 2nd period - Shot by Steven Santini.
15:55 of 2nd period - Shot Misses the Net.
15:57 of 2nd period - Shot by Rhett Gardner.
15:57 of 2nd period - Stopped by Leevi Merilainen with a rebound.
16:13 of 2nd period - Shot by Ben Jones.
16:13 of 2nd period - Shot Blocked by Steven Santini.
16:16 of 2nd period - Icing by Andreas Englund.
16:17 of 2nd period - Joseph Blandisi wins face-off versus Aliaksei Protas in Penguins zone.
16:24 of 2nd period - Shot by Akil Thomas.
16:24 of 2nd period - Deflect By Antoine Roussel.
16:24 of 2nd period - Stopped by Marek Langhamer without a rebound.
16:25 of 2nd period - Jason Dickinson wins face-off versus Aliaksei Protas in Penguins zone.
16:30 of 2nd period - Shot by Steven Fogarty.
16:30 of 2nd period - Shot Misses the Net.
16:32 of 2nd period - Shot by Keaton Middleton.
16:32 of 2nd period - Shot Blocked by Zac Jones.
16:34 of 2nd period - Shot by Steven Fogarty.
16:34 of 2nd period - Goal by Steven Fogarty - Senators : 4 - Penguins : 1.
16:35 of 2nd period - Gerald Mayhew wins face-off versus Aliaksei Protas in neutral zone.
18:43 of 2nd period - Minor Penalty to Dylan McIlrath for Tripping.
18:44 of 2nd period - Aliaksei Protas wins face-off versus Gerald Mayhew in Penguins zone.
18:49 of 2nd period - Shot by Ian Mitchell.
18:49 of 2nd period - Shot Blocked by Adam Clendening.
18:51 of 2nd period - Shot by Antoine Roussel.
18:51 of 2nd period - Stopped by Marek Langhamer without a rebound.
18:52 of 2nd period - Gerald Mayhew wins face-off versus Antoine Roussel in Penguins zone.
19:05 of 2nd period - Shot by Zac Jones.
19:05 of 2nd period - Stopped by Marek Langhamer without a rebound.
19:06 of 2nd period - Ben Jones wins face-off versus Gerald Mayhew in Penguins zone.
19:15 of 2nd period - Shot by Joey Keane.
19:15 of 2nd period - Shot Misses the Net.
19:17 of 2nd period - Shot by Jack Rathbone.
19:17 of 2nd period - Stopped by Marek Langhamer with a rebound.
19:19 of 2nd period - Shot by Ben Jones.
19:19 of 2nd period - Stopped by Marek Langhamer without a rebound.
19:20 of 2nd period - Steven Fogarty wins face-off versus Aliaksei Protas in Penguins zone.
Goals for this period are 2 for Senators vs 1 for Penguins.
Shots for this period are 18 for Senators vs 6 for Penguins.

3rd period


0:01 of 3rd period - Gerald Mayhew wins face-off versus Akil Thomas in neutral zone.
0:11 of 3rd period - Shot by Zac Jones.
0:11 of 3rd period - Shot Blocked by Andreas Englund.
0:13 of 3rd period - Shot by Akil Thomas.
0:13 of 3rd period - Stopped by Marek Langhamer with a rebound.
0:15 of 3rd period - Shot by Zac Jones.
0:15 of 3rd period - Shot Misses the Net.
0:17 of 3rd period - Shot by Antoine Roussel.
0:17 of 3rd period - Stopped by Marek Langhamer without a rebound.
0:18 of 3rd period - Ben Jones wins face-off versus Gerald Mayhew in Penguins zone.
0:18 of 3rd period - Aleksi Heponiemi is hit by Keaton Middleton and loses puck.
0:28 of 3rd period - Icing by Ben Jones.
0:29 of 3rd period - Gerald Mayhew wins face-off versus Ben Jones in Senators zone.
0:43 of 3rd period - Icing by Ben Jones.
0:44 of 3rd period - Joseph Blandisi wins face-off versus Antoine Roussel in Senators zone.
0:44 of 3rd period - Joseph Blandisi is hit by Zac Jones.
0:55 of 3rd period - Icing by Zac Jones.
0:56 of 3rd period - Gerald Mayhew wins face-off versus Aliaksei Protas in Senators zone.
1:35 of 3rd period - Jason Dickinson is hit by Ian Mitchell and loses puck.
1:43 of 3rd period - Icing by Zac Jones.
1:44 of 3rd period - Aliaksei Protas wins face-off versus Rhett Gardner in Senators zone.
1:44 of 3rd period - Aliaksei Protas is hit by Karson Kuhlman.
2:02 of 3rd period - Shot by Steven Santini.
2:02 of 3rd period - Goal by Steven Santini - Senators : 4 - Penguins : 2.
2:03 of 3rd period - Liam O'Brien wins face-off versus Adam Beckman in neutral zone.
2:09 of 3rd period - Mikhail Maltsev is hit by Jack Rathbone and loses puck.
2:21 of 3rd period - Minor Penalty to Liam O'Brien for Cross-checking.
2:22 of 3rd period - Gerald Mayhew wins face-off versus Ben Jones in Penguins zone.
2:57 of 3rd period - Shot by Ben Jones.
2:57 of 3rd period - Goal by Ben Jones - Senators : 5 - Penguins : 2.
2:58 of 3rd period - Aliaksei Protas wins face-off versus Joseph Blandisi in neutral zone.
3:16 of 3rd period - Shot by Rhett Gardner.
3:16 of 3rd period - Stopped by Leevi Merilainen without a rebound.
3:17 of 3rd period - Adam Beckman wins face-off versus Dylan Gambrell in Senators zone.
4:23 of 3rd period - Alan Quine is hit by Ian Mitchell and loses puck.
4:27 of 3rd period - Icing by Aliaksei Protas.
4:28 of 3rd period - Aliaksei Protas wins face-off versus Gerald Mayhew in Senators zone.
4:42 of 3rd period - Akil Thomas is hit by Jason Dickinson and loses puck.
5:12 of 3rd period - Antoine Roussel is hit by Steven Fogarty.
5:54 of 3rd period - Adam Clendening is hit by Ben Jones and loses puck.
6:23 of 3rd period - Icing by Layton Ahac.
6:24 of 3rd period - Liam O'Brien wins face-off versus Adam Beckman in Senators zone.
6:28 of 3rd period - Minor Penalty to Liam O'Brien for Holding.
6:29 of 3rd period - Ben Jones wins face-off versus Gerald Mayhew in Penguins zone.
6:30 of 3rd period - Shot by Joey Keane.
6:30 of 3rd period - Shot Blocked by Andreas Englund.
6:36 of 3rd period - Shot by Aleksi Heponiemi.
6:36 of 3rd period - Shot Blocked by Steven Santini.
6:38 of 3rd period - Shot by Joey Keane.
6:38 of 3rd period - Stopped by Marek Langhamer without a rebound.
6:39 of 3rd period - Ben Jones wins face-off versus Gerald Mayhew in Penguins zone.
6:42 of 3rd period - Shot by Wade Allison.
6:42 of 3rd period - Stopped by Marek Langhamer without a rebound.
6:43 of 3rd period - Gerald Mayhew wins face-off versus Aliaksei Protas in Penguins zone.
6:56 of 3rd period - Shot by Akil Thomas.
6:56 of 3rd period - Shot Blocked by Andreas Englund.
6:58 of 3rd period - Shot by Ian Mitchell.
6:58 of 3rd period - Shot Blocked by Steven Santini.
7:02 of 3rd period - Shot by Antoine Roussel.
7:02 of 3rd period - Stopped by Marek Langhamer with a rebound.
7:30 of 3rd period - Shot by Wade Allison.
7:30 of 3rd period - Stopped by Marek Langhamer without a rebound.
7:31 of 3rd period - Steven Fogarty wins face-off versus Ben Jones in Penguins zone.
8:34 of 3rd period - Shot by Adam Beckman.
8:34 of 3rd period - Deflect By Martin Chromiak.
8:34 of 3rd period - Shot Misses the Net.
8:36 of 3rd period - Shot by Martin Chromiak.
8:36 of 3rd period - Stopped by Marek Langhamer without a rebound.
8:37 of 3rd period - Adam Beckman wins face-off versus Dylan Gambrell in Penguins zone.
8:37 of 3rd period - Martin Chromiak is hit by Dylan McIlrath and loses puck.
8:46 of 3rd period - Shot by Dylan Gambrell.
8:46 of 3rd period - Stopped by Leevi Merilainen without a rebound.
8:47 of 3rd period - Aliaksei Protas wins face-off versus Liam O'Brien in Senators zone.
9:20 of 3rd period - Shot by Mikhail Maltsev.
9:20 of 3rd period - Stopped by Leevi Merilainen with a rebound.
9:22 of 3rd period - Shot by Liam O'Brien.
9:22 of 3rd period - Shot Blocked by Akil Thomas.
9:24 of 3rd period - Shot by Mikhail Maltsev.
9:24 of 3rd period - Shot Blocked by Zac Jones.
9:26 of 3rd period - Shot by Mikhail Maltsev.
9:26 of 3rd period - Shot Misses the Net.
9:35 of 3rd period - Off-side.
9:36 of 3rd period - Adam Beckman wins face-off versus Steven Fogarty in neutral zone.
9:36 of 3rd period - Joey Keane is hit by Steven Fogarty and loses puck.
9:57 of 3rd period - Shot by Martin Chromiak.
9:57 of 3rd period - Stopped by Marek Langhamer without a rebound.
9:58 of 3rd period - Ben Jones wins face-off versus Joseph Blandisi in Penguins zone.
10:01 of 3rd period - Shot by Aleksi Heponiemi.
10:01 of 3rd period - Shot Blocked by Kevin Bahl.
10:51 of 3rd period - Off-side.
10:52 of 3rd period - Aliaksei Protas wins face-off versus Gerald Mayhew in neutral zone.
10:57 of 3rd period - Shot by Akil Thomas.
10:57 of 3rd period - Stopped by Marek Langhamer with a rebound.
10:59 of 3rd period - Shot by Aliaksei Protas.
10:59 of 3rd period - Stopped by Marek Langhamer without a rebound.
11:00 of 3rd period - Aliaksei Protas wins face-off versus Gerald Mayhew in Penguins zone.
11:07 of 3rd period - Shot by Akil Thomas.
11:07 of 3rd period - Deflect By Antoine Roussel.
11:07 of 3rd period - Shot Blocked by Andreas Englund.
11:20 of 3rd period - Shot by Akil Thomas.
11:20 of 3rd period - Deflect By Antoine Roussel.
11:20 of 3rd period - Stopped by Marek Langhamer without a rebound.
11:21 of 3rd period - Liam O'Brien wins face-off versus Adam Beckman in Penguins zone.
12:23 of 3rd period - Shot by Steven Fogarty.
12:23 of 3rd period - Shot Misses the Net.
12:35 of 3rd period - Shot by Jason Dickinson.
12:35 of 3rd period - Shot Blocked by Jack Rathbone.
12:37 of 3rd period - Shot by Jason Dickinson.
12:37 of 3rd period - Stopped by Leevi Merilainen without a rebound.
12:38 of 3rd period - Aliaksei Protas wins face-off versus Joseph Blandisi in Senators zone.
12:38 of 3rd period - Ian Mitchell is hit by Joseph Blandisi and loses puck.
12:46 of 3rd period - Icing by Zac Jones.
12:47 of 3rd period - Aliaksei Protas wins face-off versus Dylan Gambrell in Senators zone.
13:03 of 3rd period - Icing by Dylan McIlrath.
13:04 of 3rd period - Ben Jones wins face-off versus Dylan Gambrell in Penguins zone.
13:05 of 3rd period - Shot by Aleksi Heponiemi.
13:05 of 3rd period - Shot Blocked by Dylan McIlrath.
13:05 of 3rd period - Dylan McIlrath from Penguins is injured at 13:05 of 3rd period (Back Spasms).
13:06 of 3rd period - Gerald Mayhew wins face-off versus Aliaksei Protas in Penguins zone.
13:24 of 3rd period - Shot by Gerald Mayhew.
13:24 of 3rd period - Stopped by Leevi Merilainen without a rebound.
13:25 of 3rd period - Joseph Blandisi wins face-off versus Ben Jones in Senators zone.
13:25 of 3rd period - Joseph Blandisi is hit by Layton Ahac.
13:31 of 3rd period - Shot by Rhett Gardner.
13:31 of 3rd period - Shot Misses the Net.
13:36 of 3rd period - Layton Ahac is hit by Keaton Middleton.
13:40 of 3rd period - Shot by Wade Allison.
13:40 of 3rd period - Stopped by Marek Langhamer without a rebound.
13:41 of 3rd period - Gerald Mayhew wins face-off versus Aliaksei Protas in Penguins zone.
13:54 of 3rd period - Shot by Steven Fogarty.
13:54 of 3rd period - Shot Misses the Net.
13:56 of 3rd period - Shot by Gerald Mayhew.
13:56 of 3rd period - Shot Misses the Net.
13:58 of 3rd period - Shot by Gerald Mayhew.
13:58 of 3rd period - Stopped by Leevi Merilainen without a rebound.
13:59 of 3rd period - Rhett Gardner wins face-off versus Ben Jones in Senators zone.
14:16 of 3rd period - Shot by Ben Jones.
14:16 of 3rd period - Stopped by Marek Langhamer with a rebound.
14:35 of 3rd period - Karson Kuhlman is hit by Jack Rathbone and loses puck.
14:39 of 3rd period - Icing by Jack Rathbone.
14:40 of 3rd period - Ben Jones wins face-off versus Gerald Mayhew in Senators zone.
14:49 of 3rd period - Wade Allison is hit by Jason Dickinson and loses puck.
15:19 of 3rd period - Shot by Akil Thomas.
15:19 of 3rd period - Stopped by Marek Langhamer without a rebound.
15:20 of 3rd period - Liam O'Brien wins face-off versus Adam Beckman in Penguins zone.
16:06 of 3rd period - Icing by Liam O'Brien.
16:07 of 3rd period - Liam O'Brien wins face-off versus Aliaksei Protas in Penguins zone.
16:15 of 3rd period - Adam Clendening is hit by Akil Thomas and loses puck.
17:17 of 3rd period - Icing by Adam Clendening.
17:18 of 3rd period - Ben Jones wins face-off versus Joseph Blandisi in Penguins zone.
17:26 of 3rd period - Rhett Gardner is hit by Wade Allison and loses puck.
18:05 of 3rd period - Icing by Jack Rathbone.
18:06 of 3rd period - Liam O'Brien wins face-off versus Ben Jones in Senators zone.
18:06 of 3rd period - Marian Studenic is hit by Jack Rathbone and loses puck.
18:07 of 3rd period - Minor Penalty to Joey Keane for High sticking.
18:08 of 3rd period - Gerald Mayhew wins face-off versus Aliaksei Protas in Senators zone.
18:11 of 3rd period - Shot by Steven Santini.
18:11 of 3rd period - Shot Hit the Post.
18:21 of 3rd period - Antoine Roussel is hit by Steven Fogarty and loses puck.
19:21 of 3rd period - Shot by Adam Clendening.
19:21 of 3rd period - Shot Misses the Net.
19:25 of 3rd period - Shot by Keaton Middleton.
19:25 of 3rd period - Shot Misses the Net.
19:27 of 3rd period - Shot by Karson Kuhlman.
19:27 of 3rd period - Shot Misses the Net.
19:29 of 3rd period - Shot by Keaton Middleton.
19:29 of 3rd period - Shot Misses the Net.
19:35 of 3rd period - Shot by Rhett Gardner.
19:35 of 3rd period - Shot Blocked by Layton Ahac.
19:37 of 3rd period - Shot by Karson Kuhlman.
19:37 of 3rd period - Goal by Karson Kuhlman - Senators : 5 - Penguins : 3.
19:38 of 3rd period - Liam O'Brien wins face-off versus Martin Chromiak in neutral zone.
Goals for this period are 1 for Senators vs 2 for Penguins.
Shots for this period are 15 for Senators vs 8 for Penguins.